Map: Frozen Temple

Players

Reynor

  • Race: Zerg Zerg
  • League: Master

LiquidSnute (Snute) - Winner!

  • Race: Zerg Zerg

Event: DreamHack ZOWIE Open Valencia 2016

VOD

Have the link to the VOD?

Description

Time

  • Played on: July 16, 2016, 7:54 a.m.
  • Length: 8:39

All games in this series

Show
View Real Time Build Order
Export as new Build Order

Reynor Zerg 

Build Orders: Pool First 

Get SALT Encoding   

  12  0:00  Drone  
  13  0:12  Overlord  
  13  0:17  Drone  
  14  0:23  Extractor  
  14  0:24  Drone  
  15  0:30  Drone  
  15  0:34  Drone  
  17  0:46  Spawning Pool  
  17  0:48  Drone  
  17  1:10  Hatchery  
  16  1:12  Drone  
  17  1:32  Zergling x6  
  20  1:33  Queen  
  20  1:35  Extractor  
  21  1:44  Overlord  
  21  1:56  Drone  
  22  2:12  Drone  
  22  2:13  Queen  
  25  2:17  Drone  
  25  2:21  Queen  
  28  2:23  Drone  
  28  2:26  Drone  
  30  2:32  Overlord  
  30  2:39  Drone  
  32  2:44  Drone x2, Metabolic Boost  
  32  2:47  Drone  
  32  2:50  Zergling x2  
  33  2:53  Drone  
  33  2:58  Drone  
  35  3:01  Drone  
  37  3:05  Zergling x2  
  37  3:12  Drone  
  38  3:15  Drone  
  39  3:20  Baneling Nest  
  39  3:23  Overlord  
  39  3:24  Zergling x2  
  39  3:25  Spine Crawler  
  39  3:26  Zergling x2  
  39  3:27  Zergling x2  
  39  3:29  Drone  
  39  3:32  Drone x2  
  42  3:37  Zergling x2  
  42  3:38  Drone  
  44  3:41  Overlord  
  44  3:47  Zergling x2  
  45  3:54  Zergling x6  
  49  3:55  Drone  
  49  4:05  Baneling  
  49  4:06  Overlord  
  49  4:09  Zergling x2, Hatchery  
  49  4:19  Zergling x2, Roach Warren  
  49  4:20  Spine Crawler  
  49  4:22  Overlord  
  48  4:30  Spine Crawler  
  47  4:32  Zergling x6  
  47  4:36  Zergling x4  
  47  4:37  Zergling x2  
  54  4:40  Spine Crawler, Baneling x2  
  54  4:42  Zergling x4  
  54  4:44  Zergling x2  
  54  4:45  Zergling x4  
  57  4:59  Zergling x4  
  60  5:00  Zergling x6  
  60  5:09  Roach x2  
  64  5:17  Roach x3  
  64  5:19  Drone  
  71  5:26  Roach  
  72  5:30  Roach  
  72  5:34  Roach  
  76  5:35  Overlord x2  
  76  5:40  Overlord  
  75  5:53  Overlord  
  75  5:55  Roach x3, Drone  
  75  5:56  Drone  
  65  6:03  Baneling  
  64  6:04  Zergling x6  
  64  6:05  Zergling x2  
  64  6:08  Hatchery  
  67  6:11  Baneling  
  67  6:12  Zergling x2  
  67  6:16  Zergling x2  
  69  6:19  Zergling x2  
  70  6:26  Drone x2  
  70  6:27  Extractor  
  70  6:30  Zergling x4  
  73  6:33  Baneling x2  
  73  6:37  Drone  
  75  6:40  Drone  
  75  6:44  Zergling x4  
  75  6:46  Drone  
  74  6:49  Drone  
  74  6:52  Extractor  
  74  6:53  Drone, Extractor  
  73  6:55  Drone  
  73  6:56  Drone  
  73  6:59  Zergling x2  
  78  7:01  Roach  
  78  7:09  Roach  
  78  7:12  Roach  
  82  7:16  Roach  
  82  7:17  Roach  
  82  7:18  Zergling x2  
  85  7:27  Roach x4  
  92  7:32  Roach  
  92  7:34  Zergling x2  
  92  7:36  Zergling x4  
  79  7:44  Roach  
  79  7:45  Roach x2  
  79  7:46  Zergling x2  
  79  7:50  Roach  
  77  7:52  Zergling x6  
  77  7:57  Roach  
  74  8:02  Roach  
  66  8:09  Roach  
  66  8:12  Zergling x2  
  63  8:16  Roach x2  
  63  8:17  Roach, Zergling x2  
Show
View Real Time Build Order
Export as new Build Order

LiquidSnute Zerg - Winner!

Build Orders: Hatch First 

Get SALT Encoding   

  12  0:00  Drone  
  13  0:12  Overlord  
  13  0:17  Drone  
  14  0:31  Drone x2  
  14  0:34  Drone  
  17  0:52  Hatchery  
  17  0:54  Drone  
  17  0:57  Drone  
  17  0:59  Extractor  
  17  1:13  Spawning Pool  
  17  1:16  Drone  
  17  1:19  Drone  
  18  1:28  Drone  
  19  1:38  Overlord  
  19  1:49  Drone  
  20  1:59  Queen  
  20  2:01  Metabolic Boost  
  22  2:03  Queen  
  22  2:04  Drone  
  22  2:07  Drone  
  26  2:11  Drone  
  26  2:15  Drone  
  28  2:26  Zergling x4  
  28  2:29  Baneling Nest  
  29  2:32  Overlord  
  29  2:38  Zergling x2  
  29  2:43  Overlord  
  30  2:52  Drone  
  30  2:53  Roach Warren  
  30  2:56  Drone  
  33  3:00  Drone  
  34  3:05  Drone  
  34  3:07  Drone x3  
  34  3:12  Overlord  
  38  3:28  Overlord  
  38  3:34  Roach x4  
  44  3:41  Hatchery  
  44  3:42  Roach  
  44  3:44  Roach  
  44  3:48  Roach x2  
  51  3:50  Zergling x2  
  51  3:51  Zergling x2  
  53  3:58  Roach  
  53  4:00  Zergling x6  
  58  4:07  Zergling x2  
  59  4:11  Zergling x2  
  60  4:18  Zergling x12  
  60  4:22  Zergling x2  
  66  4:29  Zergling x2, Baneling Nest  
  66  4:39  Zergling x4  
  66  4:45  Overlord  
  68  4:49  Overlord  
  66  4:59  Drone x6  
  71  5:05  Drone  
  72  5:07  Queen  
  72  5:10  Drone x2  
  76  5:15  Drone  
  76  5:17  Drone  
  76  5:20  Extractor  
  77  5:22  Drone  
  78  5:30  Baneling x2  
  78  5:31  Baneling x2  
  78  5:35  Baneling x2  
  78  5:37  Zergling x2  
  78  5:38  Zergling x18  
  88  5:55  Roach x4  
  88  6:01  Overlord x2  
  88  6:03  Overlord  
  88  6:06  Extractor  
  88  6:09  Overlord  
  87  6:17  Drone x2  
  87  6:18  Drone x2  
  90  6:20  Drone x4  
  90  6:24  Overlord  
  94  6:26  Drone  
  94  6:27  Drone  
  94  6:32  Roach x2  
  102  6:33  Roach  
  102  6:35  Roach  
  102  6:36  Roach  
  106  6:42  Queen  
  106  6:45  Roach x2  
  109  6:50  Ravager  
  109  6:51  Ravager  
  109  6:53  Zergling x12  
  109  6:54  Zergling x2  
  118  7:00  Zergling x6  
  118  7:01  Zergling x2  
  122  7:04  Baneling  
  122  7:09  Overlord  
  122  7:11  Zergling x4  
  122  7:13  Baneling x3  
  122  7:14  Baneling x3  
  112  7:33  Zergling x2  
  112  7:34  Zergling x16  
  112  7:43  Roach x2  
  103  7:52  Roach  
  103  7:53  Roach x4  
  107  8:03  Roach  
  107  8:04  Roach x2  
  107  8:10  Roach x3  
  106  8:16  Roach  
  106  8:17  Roach x5  
  112  8:24  Evolution Chamber  
  118  8:32  Extractor  

Tags
 
Add a new tag
Caveats
  • Supply blocks, unpowered buildings, or Contaminate may cause inaccurate times.
  • Supply counts are checked every 10 seconds.